Match 46206655
Unlisted

Match 46206655
End
Construct Barracks
Riflemen Squad
Selects Airborne Battlegroup
Selects Smoke Bombing Run
Riflemen Squad
Riflemen Squad
Grenade Package
Air Support Center
Smoke Bombing Run
Grasshopper Recon Run
M1918 Browning Automatic Rifles
P-47 Dive Bomb
Selects Supply Drop
Supply Drop
Selects Pathfinders
Air Supply
Construct Weapon Support Center
Selects Paratrooper Squad Paradrop
Grasshopper Recon Run
P-47 Dive Bomb
Double Sortie
Paratrooper Squad Paradrop
Supply Drop
Grasshopper Recon Run
Smoke Bombing Run
P-47 Strafing Run
P-47 Dive Bomb
Improved Aircraft Armor
Bazooka Squad
Supply Drop
P-47 Strafing Run
Bazooka Squad
Grasshopper Recon Run
Improved M9 Bazooka Rockets
P-47 Dive Bomb
P-47 Strafing Run
Smoke Bombing Run
Grasshopper Recon Run
P-47 Dive Bomb
Supply Drop
Construct Tank Depot
P-47 Strafing Run
Grasshopper Recon Run
P-47 Dive Bomb
M18 Hellcat Tank Destroyer
P-47 Strafing Run
Smoke Bombing Run
Grasshopper Recon Run
P-47 Dive Bomb
Supply Drop
Selects Carpet Bombing Run
M18 Hellcat Tank Destroyer
P-47 Dive Bomb
M18 Hellcat Tank Destroyer
Grasshopper Recon Run
Advanced Air Reconnaissance
P-47 Strafing Run
Grasshopper High-Altitude Recon Run
P-47 Dive Bomb
P-47 Strafing Run
M18 Hellcat Tank Destroyer
Supply Drop
Engineer Squad
Grasshopper High-Altitude Recon Run
P-47 Dive Bomb
P-47 Strafing Run
Carpet Bombing Run
P-47 Dive Bomb
Grasshopper High-Altitude Recon Run
P-47 Strafing Run
M18 Hellcat Tank Destroyer
Supply Drop
Grasshopper High-Altitude Recon Run
Carpet Bombing Run
M18 Hellcat Tank Destroyer
P-47 Dive Bomb
mIST
Sumanai_Eugen
Chuef
Karung_Vtuber
BÖRK
我先撤你顶上
MaksSpider
ks
0
0

Comments sign in to comment!

No comments posted yet!